 Seeded DCSS version 0.30.1-4-g462c640d31 (webtiles) character file.

Game seed: 6351066067085065685 (custom seed)

18 Esekla the Grave Robber (level 2, -1/15 HPs)
             Began as a Deep Elf Necromancer on Sept 5, 2023.
             Was an Initiate of Vehumet.
             Constricted to death by a goblin (3 damage)
             ... on level 2 of the Dungeon.
             The game lasted 00:07:01 (1074 turns).

Esekla the Grave Robber (Deep Elf Necromancer)      Turns: 1074, Time: 00:07:02

Health: -1/15      AC:  4    Str:  5    XL:     2   Next: 48%
Magic:  8/8        EV: 10    Int: 19    God:    Vehumet [......]
Gold:   107        SH:  0    Dex: 15    Spells: 6/7 levels left

rFire   . . .        a - +1 short sword (freeze)
rCold   . . .        (no shield)
rNeg    . . .        k - +0 robe
rPois   .            h - +0 helmet
rElec   .            (no cloak)
rCorr   .            j - +0 pair of gloves
SInv    .            (no boots)
Will    .....        (no amulet)
Stlth   ++           (no ring)
HPRegen 0.22/turn    (no ring)
MPRegen 0.11/turn

%: no passive effects
@: grasped by roots, constricted
A: no striking features
a: Renounce Religion


You were on level 2 of the Dungeon.
You worshipped Vehumet.
Vehumet was noncommittal.
You visited 1 branch of the dungeon, and saw 5 of its levels.

You collected 107 gold pieces.

Inventory:

Hand Weapons
 a - a +1 short sword of freezing (weapon)
 s - the +5 rapier of the Hero {heavy, rN+ Dex+3}
   (You found it on level 3 of the Dungeon)

   Dex:       It affects your dexterity (+3).
   rN:        It protects you from negative energy.
Armour
 h - a +0 helmet (worn)
 j - a +0 pair of gloves (worn)
 k - a +0 robe (worn)
Scrolls
 c - 2 scrolls of enchant weapon {unknown}
 f - a scroll of identify {unknown}
 l - a scroll of amnesia {unknown}
 m - a scroll of immolation {unknown}
Potions
 b - a potion of magic
 d - a potion of ambrosia {unknown}
 e - 2 potions of attraction {unknown}
 g - a potion of curing {unknown}
 i - a potion of mutation {unknown}


   Skills:
 + Level 0.1 Short Blades
 * Level 2.7 Dodging
 + Level 2.6 Stealth
 * Level 3.1 Spellcasting
 + Level 5.3 Necromancy


You had 6 spell levels left.
You knew the following spells:

 Your Spells              Type           Power      Damage    Failure   Level
a - Necrotise             Necr           92%        1d8       1%          1

Your spell library contained the following spells:

 Spells                   Type           Power      Damage    Failure   Level
 Vampiric Draining        Necr           23%        2d7       4%          3
 Animate Dead             Necr           23%        N/A       17%         4
 Agony                    Necr           23%        N/A       43%         5


Dungeon Overview and Level Annotations

Branches:
Dungeon (5/15)
 Temple: D:4-7

Altars:
Okawaru
Vehumet
Zin

Shops:
D:2 =   D:4 (


Message History

The ball python barely misses you.
You hit the ball python.
The ball python seems to slow down.
You freeze the ball python.
You kill the ball python!
Vehumet accepts your kill.
You see here a ball python corpse.
m - a scroll labelled QUTAMUDAXU
Found a stone staircase leading up.
You see here the +5 rapier of the Hero {heavy, rN+ Dex+3}.
n - the +5 rapier of the Hero {heavy, rN+ Dex+3} Adjust (i)tems, (s)pells, or (a)bilities?
k - a +1 short sword of freezing (weapon)
Adjust to which letter? (? for menu, Esc to quit)
a - a +1 short sword of freezing (weapon)
k - a +0 robe (worn)
Adjust (i)tems, (s)pells, or (a)bilities?
n - the +5 rapier of the Hero {heavy, rN+ Dex+3} Adjust to which letter? (? for menu, Esc to quit)
s - the +5 rapier of the Hero {heavy, rN+ Dex+3}
There is a stone staircase leading up here.
You climb upwards.
There is a stone staircase leading down here.
The goblin zaps a wand.
The roots erupt in riotous growth!
The grasping roots grab you!
The goblin is unaffected.
The grasping roots constrict you.
You hear an angry hiss.
You closely miss the goblin. The goblin hits you with a +0 dagger.
The grasping roots constrict you.
* * * LOW HITPOINT WARNING * * *
You closely miss the goblin. The goblin barely misses you.
The grasping roots constrict you.
* * * LOW HITPOINT WARNING * * *
The grasping roots release their grip on you.
You aren't carrying any items that you can evoke.
Unknown command.
You barely miss the goblin.
The goblin zaps a wand.
The roots erupt in riotous growth!
The grasping roots grab you!
The goblin is unaffected.
The grasping roots constrict you.
You die...

..... .)# #..# #.# ####..#
#.# #.....# #.####
#########.###.####....#
...###...................#.#
.......>....##..#.[####.....
...###.####.##..#..####....#
#. #@##..#......[...# #.
#g##..#g.#####...# ..
......#..# #...# ..
##....g..∩# #.... ...
#..####.## ##..# ... #..# #.
#.... .... .. #...# .... ...
..#..# #### ###...#


You could see a goblin.

Vanquished Creatures
  3 orcs (D:3)
  2 ball pythons
  An endoplasm (D:3)
  A goblin (D:3)
  2 hobgoblins (D:3)
  2 bats (D:3)
  A frilled lizard (D:3)
  3 kobolds
15 creatures vanquished.

Notes
Turn   | Place    | Note
-------+----------+-------------------------------------------
     0 | D:1      | Esekla the Deep Elf Necromancer began the quest for the
                  | Orb.
     0 | D:1      | Reached XP level 1. HP: 10/10 MP: 6/6
   178 | D:2      | Found Renulab's Jewellery Shop.
   270 | D:4      | Found a radiant altar of Vehumet.
   284 | D:4      | Found an iron altar of Okawaru.
   296 | D:4      | Found a glowing silver altar of Zin.
   428 | D:5      | Entered Level 5 of the Dungeon
   428 | D:5      | Noticed an iguana
   446 | D:4      | Became a worshipper of Vehumet
   471 | D:4      | Reached skill level 5 in Necromancy
   660 | D:4      | Found Ponaysk's Antique Weapon Boutique.
   744 | D:3      | Reached XP level 2. HP: 14/15 MP: 8/8
  1061 | D:3      | Identified the +5 rapier of the Hero {heavy, rN+ Dex+3}
  1074 | D:2      | Constricted to death by a goblin

Illustrated notes

Levels and vault maps discovered:
D:1:      sevenhm_arrival_forest_fort_small_3, layout_rooms,
          chequers_serial_rivers_room_b, minmay_misc_feat_five
D:2:      layout_loops_ring, dreamdust_ecumenical_altar_angels_and_demons,
          serial_shops, shop
D:3:      layout_basic, grunt_temple_overflow_open, minmay_misc_feat_iff
D:4:      layout_basic, nicolae_overflow_quartered_altars, serial_shops,
          nicolae_diamond_shop
D:5:      layout_loops_ring, lemuel_doored_altar, minmay_misc_feat_rows,
          dreamdust_wishing_well

Skill      XL: |  1 |
---------------+----+-----
Necromancy     | 5 |  5.3
Short Blades   | |  0.1
Dodging        | |  2.7
Stealth        | |  2.6
Spellcasting   | |  3.1

Action                     || total
---------------------------++-------
  Melee: Short sword       ||    39
         Unarmed           ||     9
    Use: Scroll            ||     1
   Stab: Sleeping          ||     3
 Armour: Robe              ||    13
  Dodge: Dodged            ||    30
